 Dungeon Crawl Stone Soup version 0.27.0-1-g7a089689b8 (webtiles) character file.

Game seed: 6549630767004678071

4992 Anothat the Blocker (level 10, -10/85 HPs)
             Began as a Formicid Fighter on Aug 14, 2021.
             Was a Follower of Wu Jian.
             Mangled by a death knight (17 damage)
             ... on level 8 of the Dungeon.
             The game lasted 00:14:38 (8735 turns).

Anothat the Blocker (Formicid Fighter)              Turns: 8735, Time: 00:14:38

Health: -10/85     AC: 12    Str: 24    XL:     10   Next: 83%
Magic:  10/10      EV: 12    Int:  8    God:    Wu Jian [*.....]
Gold:   259        SH: 13    Dex: 10    Spells: 9/9 levels left

rFire    + . .     SeeInvis +   r - +1 scythe (vamp)
rCold    . . .     Faith    .   c - +1 kite shield
rNeg     . . .     Spirit   .   o - +0 chain mail
rPois    .         Reflect  .   (helmet unavailable)
rElec    .         Harm     .   m - +2 cloak
rCorr    .         Rampage  .   (no gloves)
Will     +....                  (no boots)
Stlth    ..........             (no amulet)
HPRegen  0.24/turn              i - +4 ring of evasion
MPRegen  0.12/turn              f - ring of protection from fire

@: mighty
A: permanent stasis, dig shafts and tunnels, antennae 3, four strong arms
a: Dig, Shaft Self, Renounce Religion


You were on level 8 of the Dungeon.
You worshipped Wu Jian.
Wu Jian was aware of your devotion.
You visited 1 branch of the dungeon, and saw 8 of its levels.

You collected 379 gold pieces.
You spent 120 gold pieces at shops.

Inventory:

Hand Weapons
 a - a +0 war axe
 r - a +1 vampiric scythe (weapon)
Missiles
 n - 7 javelins (quivered)
Armour
 b - a +0 scale mail
 c - a +1 kite shield (worn)
 m - a +2 cloak (worn)
 o - a +0 chain mail (worn)
Jewellery
 f - a ring of protection from fire (right hand)
 i - a +4 ring of evasion (left hand)
 p - a ring of wizardry
 u - a ring of protection from cold
 v - a ring of protection from cold
Wands
 z - a wand of iceblast (14)
Scrolls
 h - 9 scrolls of identify
 j - a scroll of amnesia
 t - a scroll of silence {unknown}
 w - a scroll of magic mapping
 y - 3 scrolls of teleportation
 A - a scroll of acquirement {unknown}
Potions
 d - a potion of might
 k - 2 potions of ambrosia
 l - 2 potions of haste {unknown}
 q - a potion of flight
 s - 2 potions of degeneration {unknown}


   Skills:
 + Level 9.8 Fighting
 - Level 4.0(6.9) Axes
 * Level 8.9(9.2) Polearms
 - Level 3.2 Armour
 + Level 10.6 Shields


You had 9 spell levels left.
You didn't know any spells.
Your spell library contained the following spells:

 Spells                   Type           Power      Damage    Failure   Level
 Foxfire                  Conj/Fire      0%         2x1d4     97%         1
 Call Canine Familiar     Summ           0%         N/A       100%        3
 Conjure Flame            Conj/Fire      0%         6-21      100%        3
 Frozen Ramparts          Ice            0%         1d2       100%        3
 Inner Flame              Hex/Fire       0%         N/A       100%        3
 Ozocubu's Armour         Ice            0%         N/A       100%        3
 Portal Projectile        Hex/Tloc       0%         N/A       100%        3
 Ice Form                 Ice/Tmut       0%         N/A       100%        4
 Leda's Liquefaction      Hex/Erth       0%         N/A       100%        4
 Summon Ice Beast         Ice/Summ       0%         N/A       100%        4
 Metabolic Englaciation   Hex/Ice        0%         N/A       100%        5
 Simulacrum               Ice/Necr       0%         N/A       100%        6


Dungeon Overview and Level Annotations

Branches:
Dungeon (8/15)             Temple (0/1) D:5
   Lair: D:8-11

Altars:
Fedhas
Hepliaklqana
Kikubaaqudgha
Ru
Vehumet
Wu Jian
Xom

Shops:
D:5 [   D:7 !   D:8 (


Innate Abilities, Weirdness & Mutations

You cannot be hasted, slowed, berserked, paralysed or teleported.
You can dig through walls and to a lower floor.
You have a pair of large antennae on your head. (SInv)
Your four strong arms can wield two-handed weapons with a shield.


Message History

The death knight hits you with a +0 morningstar.
You hit the death knight but do no damage.
The death knight is severely wounded.
The death knight hits you with a +0 morningstar!!
* * * LOW HITPOINT WARNING * * *
Okay, then.
You feel much better. You block the death knight's attack.
You feel very mighty all of a sudden. You block the death knight's attack.
You barely miss the death knight.
The death knight is severely wounded.
The death knight hits you with a +0 morningstar!!
* * * LOW HITPOINT WARNING * * *
You block the death knight's attack.
You hit the death knight.
The death knight is severely wounded.
The death knight offers itself to Yredelemnul, and fills with unholy energy.
Press: ? - help, v - describe, . - travel A rock wall.
You slash the death knight!
You feel better.
The death knight is almost dead.
The death knight reflects your damage back at you!
* * * LOW HITPOINT WARNING * * *
You hear an angry hiss.
The death knight closely misses you. The death knight barely misses you.
You hear a shout!
You closely miss the death knight.
The death knight is almost dead.
The death knight hits you with a +0 morningstar!
* * * LOW HITPOINT WARNING * * *
Press: ? - help, v - describe, . - travel, g - get item
Here: a death knight, wielding a +0 morningstar and wearing a +0 chain mail (almost dead, reflecting injuries)
Items here: $ ( ) †††.
The floor, spattered with blood.
Okay, then.
You closely miss the death knight.
The death knight is almost dead.
You block the death knight's attack.
The death knight hits you with a +0 morningstar!
You die...

#8...∩...8# ##
#o# ###.......#
#?# #.#
#.[..<..# #.#
#.# ###.....#
#p# #S# #8...8#
## #{#o# #.
###..## #)###l#
#.# ##.# ###
#.#.#.#.# #.#
##p## ##.###.# {
#.#
#@#{###{#.#.#.#.
#.##
####{{{###.# #.#
#..#
####{#.#.#.#.#
##.# ##.# #.#
#.# #.#
##.#.#.#.#.#.
#.# #.###.# #.#.
#.# ##.#.#.#.#.#
#.# ##.# #.#.#
#.# ##.#.#.#.#


You could see a death knight (reflects damage).

Vanquished Creatures
  A two-headed ogre (D:8)
  Pikel (D:4)
  Joseph (D:7)
  Sigmund (D:3)
  A wyvern (D:8)
  Menkaure (D:4)
  2 water moccasins (D:8)
  3 ice beasts
  An orc warrior (D:8)
  A black bear (D:8)
  A sky beast (D:5)
  A necrophage (D:7)
  A hornet zombie (D:6)
  2 ogres
  3 centaurs
  2 kobold brigands (D:8)
  2 bullfrogs
  A wyvern zombie (D:7)
  2 water moccasin zombies
  2 scorpions
  A water moccasin skeleton (D:6)
  4 killer bees (D:7)
  3 wights
  2 howler monkeys
  A bullfrog zombie (D:5)
  2 centaur zombies
  2 orc priests (D:5)
  7 hounds
  3 jellies
  A bullfrog skeleton (D:5)
  4 iguanas
  3 orc wizards (D:4)
  A howler monkey zombie (D:6)
  5 adders
  7 gnolls
  A howler monkey skeleton (D:6)
  2 white imps (D:7)
  2 worms
  2 adder skeletons (D:4)
  A dart slug (D:1)
  9 orcs
  8 ball pythons
  6 bats
  7 endoplasms
  3 giant cockroaches
  6 goblins
  11 hobgoblins
  16 jackals
  3 quokkas (D:2)
  A frilled lizard (D:1)
  3 kobolds (D:1)
  9 rats
166 creatures vanquished.

Vanquished Creatures (others)
  An orc warrior (D:6)
  A black bear (D:6)
  An ogre (D:6)
  A scorpion (D:6)
  An iguana (D:6)
5 creatures vanquished.

Grand Total: 171 creatures vanquished

Notes
Turn   | Place    | Note
-------+----------+-------------------------------------------
     0 | D:1      | Anothat the Formicid Fighter began the quest for the Orb.
     0 | D:1      | Reached XP level 1. HP: 18/18 MP: 1/1
   126 | D:1      | Reached XP level 2. HP: 23/24 MP: 2/2
   297 | D:1      | Reached skill level 4 in Shields
   383 | D:1      | Reached XP level 3. HP: 28/30 MP: 3/3
   974 | D:2      | Reached XP level 4. HP: 35/37 MP: 4/4
  1630 | D:2      | Reached XP level 5. HP: 41/42 MP: 5/5
  1782 | D:2      | You fall into a shaft and drop 1 floor!
  2194 | D:3      | Found an ornate altar of the Wu Jian Council.
  2195 | D:3      | Found an ancient bone altar of Kikubaaqudgha.
  2265 | D:3      | Became a worshipper of the Wu Jian Council
  2326 | D:3      | Noticed Sigmund
  2335 | D:3      | Killed Sigmund
  2336 | D:3      | Reached skill level 5 in Fighting
  2336 | D:3      | Reached skill level 5 in Shields
  2336 | D:3      | Reached XP level 6. HP: 34/51 MP: 6/6
  2690 | D:4      | Noticed an ogre
  2694 | D:4      | Killed an ogre
  2695 | D:4      | Reached skill level 1 in Polearms
  2695 | D:4      | Reached XP level 7. HP: 56/56 MP: 7/7
  3318 | D:4      | Noticed Menkaure
  3320 | D:4      | Reached skill level 6 in Shields
  3325 | D:4      | Killed Menkaure
  3419 | D:4      | Found a sacrificial altar of Ru.
  3538 | D:4      | Noticed Pikel
  4052 | D:4      | Killed Pikel
  4053 | D:4      | Reached skill level 7 in Shields
  4053 | D:4      | Reached XP level 8. HP: 41/65 MP: 8/8
  4516 | D:4      | Reached * piety under Wu Jian
  4704 | D:5      | Entered Level 5 of the Dungeon
  5118 | D:5      | Reached skill level 8 in Shields
  5128 | D:5      | Reached XP level 9. HP: 72/72 MP: 9/9
  5132 | D:5      | Found a staircase to the Ecumenical Temple.
  5200 | D:5      | Found Zuzaf's Antique Armour Shop.
  5464 | D:5      | Reached skill level 5 in Polearms
  6200 | D:6      | Reached skill level 9 in Shields
  6297 | D:6      | Found a shimmering altar of Xom.
  6782 | D:6      | Found a radiant altar of Vehumet.
  6985 | D:7      | Noticed Joseph
  6990 | D:7      | Found Ojoinin's Distillery.
  6998 | D:7      | Killed Joseph
  7246 | D:7      | Reached XP level 10. HP: 47/82 MP: 10/10
  7754 | D:7      | Found a hazy altar of Hepliaklqana.
  8046 | D:7      | Bought a potion of heal wounds for 60 gold pieces
  8046 | D:7      | Bought a potion of heal wounds for 60 gold pieces
  8105 | D:8      | Found Ajytru's Weapon Shop.
  8110 | D:8      | Reached skill level 10 in Shields
  8224 | D:8      | Found a blossoming altar of Fedhas.
  8297 | D:8      | Noticed a two-headed ogre
  8360 | D:8      | Killed a two-headed ogre
  8674 | D:8      | Noticed a death knight
  8735 | D:8      | Mangled by a death knight

Illustrated notes

Levels and vault maps discovered:
D:1:      dpeg_arrival_round_a, layout_rooms, minmay_pentomino_x2
D:2:      layout_basic, serial_curves, eino_curves_01, eino_curves_03
D:3:      layout_basic, minitemple, minmay_misc_feat_diagonals, minmay_puff,
          uniq_sigmund
D:4:      layout_cave_pods, nicolae_ru_the_path_less_chosen, minmay_crossroads,
          uniq_menkaure, uniq_pikel
D:5:      layout_rooms, minmay_temple_entry_mist, serial_shops, shop_fountains,
          eino_small_chamber_without_monster, hangedman_abyss_or_decor_slice
D:6:      layout_loops_ring, xom_confusion_cloud,
          nicolae_overflow_crystal_walls, chequers_serial_rivers_large_a
D:7:      layout_cave_pools, mainiacjoe_overflow_alcove_2, serial_shops,
          nicolae_inconvenience_store, dk_noncrumbling_2, minmay_diced_spiral,
          uniq_joseph
D:8:      minmay_imperfect_grid, layout_loops_ring, overflow_temple_1_default,
          fedhas_altar_1, nicolae_stop_n_shop_1

Skill      XL: |  1  2  3  4  5  6  7  8  9 10 |
---------------+-------------------------------+-----
Shields        | 4 5 7 8 9 10 | 10.6
Fighting       | 4 5 6 7 8 9 |  9.8
Axes           | 3 4 |  4.0
Polearms       | 1 3 4 6 8 |  8.9
Armour         | |  3.2

Action                   |  1- 3 |  4- 6 |  7- 9 | 10-12 || total
-------------------------+-------+-------+-------+-------++-------
Melee: War axe           |    97 |    85 |       |       ||   182
       Scythe            |       |    17 |   331 |   173 ||   521
Throw: Throwing net      |       |       |       |     1 ||     1
Invok: Whirlwind         |       |       |     3 |       ||     3
 Abil: Dig               |       |       |     2 |     2 ||     4
Evoke: Wand              |       |       |     3 |     3 ||     6
  Use: Potion            |       |       |     2 |     5 ||     7
       Scroll            |       |       |    10 |       ||    10
 Stab: Paralysed         |       |       |     4 |       ||     4
Armor: Scale mail        |    46 |    24 |       |       ||    70
       Chain mail        |       |    13 |   144 |    61 ||   218
Dodge: Dodged            |    45 |    40 |   202 |    92 ||   379
Block: Kite shield       |    67 |    65 |   288 |   158 ||   578
